 Dungeon Crawl Stone Soup version 0.30.0-18-gc0e69614cb (webtiles) character file.

Game seed: 488967915089727062

277 monsoonserge the Conjurer (level 6, -7/47 HPs)
             Began as a Draconian Conjurer on May 25, 2023.
             Mangled by Duvessa
             ... wielding a +0 short sword
              (11 damage)
             ... on level 4 of the Dungeon.
             The game lasted 00:10:28 (2811 turns).

monsoonserge the Conjurer (Draconian Conjurer)      Turns: 2811, Time: 00:10:28

Health: -7/47      AC: 11    Str:  9    XL:     6   Next: 4%
Magic:  3/10       EV: 12    Int: 20    God:
Gold:   171        SH:  5    Dex: 10    Spells: 7/10 levels left

rFire   . . .        j - +0 short sword (flame)
rCold   . . .        (no shield)
rNeg    . . .        (body armour unavailable)
rPois   .            (helmet restricted)
rElec   .            (no cloak)
rCorr   .            (no gloves)
SInv    .            k - +0 pair of boots
Will    .....        l - amulet of reflection
Stlth   ++           v - +4 ring of protection
HPRegen 0.27/turn    (no ring)
MPRegen 0.12/turn

%: reflection
@: invisible
A: AC +6, unfitting armour, cold-blooded
a: no special abilities


You were on level 4 of the Dungeon.
You visited 2 branches of the dungeon, and saw 5 of its levels.

You collected 171 gold pieces.

Inventory:

Hand Weapons
 j - a +0 short sword of flaming (weapon)
Missiles
 c - 33 stones
 m - 3 javelins (quivered)
Armour
 k - a +0 pair of boots (worn)
Jewellery
 l - an amulet of reflection (around neck)
 q - an amulet of the acrobat
 v - a +4 ring of protection (left hand)
Wands
 u - a wand of digging (1)
Scrolls
 b - 3 scrolls of teleportation {unknown}
 d - a scroll of poison {unknown}
 e - a scroll of fog {unknown}
 g - a scroll of torment {unknown}
 o - 2 scrolls of noise {unknown}
 p - a scroll of identify {unknown}
 s - a scroll of enchant armour {unknown}
Potions
 a - a potion of magic
 f - 3 potions of flight {unknown}
 h - a potion of heal wounds {unknown}
 i - 2 potions of lignification {unknown}
 n - a potion of brilliance {unknown}
 r - a potion of ambrosia {unknown}
 t - a potion of attraction {unknown}
 w - a potion of curing
 x - a potion of mutation {unknown}


   Skills:
 + Level 1.3 Fighting
 + Level 2.3 Short Blades
 + Level 0.5 Throwing
 + Level 3.0 Dodging
 - Level 2.0 Stealth
 + Level 0.2 Shields
 + Level 0.6 Unarmed Combat
 + Level 2.9 Spellcasting
 + Level 5.1 Conjurations


You had 7 spell levels left.
You knew the following spells:

 Your Spells              Type           Power      Damage    Failure   Level
a - Magic Dart            Conj           92%        1d7       1%          1
b - Searing Ray           Conj           46%        2d6       2%          2

Your spell library contained the following spells:

 Spells                   Type           Power      Damage    Failure   Level
 Dazzling Flash           Conj/Hex       26%        N/A       16%         3
 Inner Flame              Hex/Fire       2%         N/A       41%         3
 Flame Wave               Conj/Fire      13%        2d6       45%         4
 Fulminant Prism          Conj/Hex       6%         3d7       45%         4
 Iskenderun's Mystic Bla  Conj/Tloc      13%        2d5       45%         4
 Sticky Flame             Conj/Fire      13%        2d4       45%         4


Dungeon Overview and Level Annotations

Branches:
Dungeon (4/15)             Temple (1/1) D:4

Altars:
Ashenzari
Cheibriados
Dithmenos
Elyvilon
Fedhas
Hepliaklqana
Kikubaaqudgha
Nemelex Xobeh
Okawaru
Qazlal
Ru
Sif Muna
Trog
Uskayaw
Vehumet
Xom
The Shining One

Annotations:
D:4 Duvessa


Innate Abilities, Weirdness & Mutations

Your plain brown scales are hard. (AC +6)
You cannot fit into any form of body armour.
You are cold-blooded and may be slowed by cold attacks.


Message History

Okay, then.
Okay, then.
Press: ? - help, v - describe, . - travel
Here: Duvessa, wielding a +0 short sword and wearing a +1 ring mail of poison resistance (heavily wounded, berserk)
The floor.
You fade into invisibility!
Duvessa barely misses you. Duvessa hits you with a +0 short sword.
* * * LOW HITPOINT WARNING * * *
Found 6 javelins.
You hear a shout!
There is an open door, spattered with blood here.
Things that are here:
a +0 dagger; a +0 robe; the elf corpse of Dowan You hit Duvessa but do no damage.
You tail-slap Duvessa, but do no damage.
Duvessa is heavily wounded.
Duvessa barely misses you. You block Duvessa's attack.
You hit Duvessa. You burn Duvessa.
Duvessa is severely wounded.
Duvessa hits you with a +0 short sword.
* * * LOW HITPOINT WARNING * * *
You hit Duvessa but do no damage.
Duvessa is severely wounded.
You block Duvessa's attack.
Press: ? - help, v - describe, . - travel
Here: Duvessa, wielding a +0 short sword and wearing a +1 ring mail of poison resistance (severely wounded, berserk, unable to see you)
The floor, spattered with blood.
You block Duvessa's attack.
You closely miss Duvessa.
Duvessa is severely wounded.
Duvessa barely misses you.
A ball python comes into view.
The ball python hisses angrily.
You hit Duvessa. You burn Duvessa.
Duvessa is severely wounded.
Duvessa closely misses you.
You barely miss Duvessa.
Duvessa is severely wounded.
Duvessa hits you with a +0 short sword!
You die...

... #.. # #.# ..
#.# $$#
###.########
...#⌠......
#.#.._.._( #
#@e⌠....(. ....
#.#....... .#.#
#.##########...#
#..).........#
####+###.....#
#.....# #.....#
#.....# #.....#
###


You could see Duvessa (berserk, unable to see you).

Vanquished Creatures
  A phantom (D:3)
  Dowan (D:4)
  Jessica (D:3)
  7 adders
  A dart slug (D:1)
  9 ball pythons
  9 bats
  7 endoplasms
  A giant cockroach (D:2)
  8 goblins
  6 hobgoblins
  11 kobolds
  3 quokkas
  3 frilled lizards
  4 rats
72 creatures vanquished.

Vanquished Creatures (others)
  A butterfly (D:3)
1 creature vanquished.

Grand Total: 73 creatures vanquished

Notes
Turn   | Place    | Note
-------+----------+-------------------------------------------
     0 | D:1      | monsoonserge the Draconian Conjurer began the quest for the
                  | Orb.
     0 | D:1      | Reached XP level 1. HP: 14/14 MP: 3/3
   135 | D:1      | Reached XP level 2. HP: 20/20 MP: 0/5
   244 | D:1      | Learned a level 2 spell: Searing Ray
   679 | D:1      | Reached XP level 3. HP: 16/26 MP: 3/6
  1205 | D:2      | Reached XP level 4. HP: 32/33 MP: 2/7
  1606 | D:2      | Reached skill level 1 in Fighting
  2062 | D:3      | Reached skill level 1 in Short Blades
  2131 | D:3      | Noticed a phantom
  2146 | D:3      | Killed a phantom
  2147 | D:3      | Reached skill level 5 in Conjurations
  2147 | D:3      | Reached XP level 5. HP: 40/40 MP: 3/9
  2234 | D:3      | Noticed Jessica
  2244 | D:3      | Killed Jessica
  2361 | D:3      | Found a white marble altar of Elyvilon.
  2435 | D:3      | Found a hazy altar of Hepliaklqana.
  2582 | D:4      | Found a staircase to the Ecumenical Temple.
  2636 | Temple   | Entered the Ecumenical Temple
  2775 | D:4      | Found a sacrificial altar of Ru.
  2775 | D:4      | Found an ancient bone altar of Kikubaaqudgha.
  2775 | D:4      | Noticed Duvessa
  2775 | D:4      | Noticed Dowan
  2793 | D:4      | Killed Dowan
  2794 | D:4      | Reached XP level 6. HP: 25/47 MP: 1/10
  2811 | D:4      | Mangled by Duvessa

Illustrated notes

Levels and vault maps discovered:
D:1:      lightli_arrival_quake, layout_basic, minmay_octomino_e4
D:2:      layout_loops_ring
D:3:      layout_rooms, marbit_many_paths, nicolae_elyvilon_peaceful_grove,
          minmay_distorted, uniq_jessica
D:4:      layout_basic, jmf_multi_god_temple, minmay_temple_entry_mini_moons,
          guppyfry_early_lair_pool, uniq_duvessa
Temple:   nicolae_temple_ecumenical_triangle

Skill      XL: |  1  2  3  4  5 |
---------------+----------------+-----
Stealth        | 2 |  2.0
Dodging        | 2 3 |  3.0
Fighting       | 1 |  1.3
Short Blades   | 1 2 |  2.3
Conjurations   | 5 |  5.1
Throwing       | |  0.5
Shields        | |  0.2
Unarmed Combat | |  0.6
Spellcasting   | |  2.9

Action                     |  1- 3 |  4- 6 || total
---------------------------+-------+-------++-------
  Melee: Dagger            |     3 |       ||     3
         Unarmed           |     2 |       ||     2
         Tailslap          |     5 |     8 ||    13
         Short sword       |    72 |    53 ||   125
         Punch             |     3 |       ||     3
  Throw: Stone             |     8 |     1 ||     9
         Javelin           |       |     2 ||     2
   Cast: Magic Dart        |    25 |       ||    25
         Searing Ray       |    10 |    18 ||    28
    Use: Potion            |       |     1 ||     1
   Stab: Sleeping          |     2 |     2 ||     4
 Armour: Skin              |    31 |    21 ||    52
  Dodge: Dodged            |    58 |    32 ||    90
  Block: Other             |       |    12 ||    12
